 Dungeon Crawl Stone Soup version 0.28-a0-1387-g3a22ab9bdc (webtiles) character file.

Game seed: 8781963546006420635

942 ytrimaz the Covered (level 8, -1/61 HPs)
             Began as a Formicid Fighter on Jan 3, 2022.
             Was a Believer of Ru.
             Slain by an iguana (12 damage)
             ... on level 5 of the Dungeon.
             The game lasted 00:06:05 (4972 turns).

ytrimaz the Covered (Formicid Fighter)              Turns: 4972, Time: 00:06:06

Health: -1/61      AC:  7    Str: 24    XL:     8   Next: 34%
Magic:  8/8        EV: 11    Int:  7    God:    Ru [**....]
Gold:   102        SH:  4    Dex: 10    Spells: 7/7 levels left

rFire   . . .      SeeInvis +   a - +0 war axe
rCold   . . .      Faith    .   c - +0 buckler
rNeg    . . .      Spirit   .   b - +0 scale mail
rPois   .          Reflect  .   (helmet unavailable)
rElec   .          Harm     .   (no cloak)
rCorr   .          Rampage  .   (no gloves)
Will    .....                   (no boots)
Stlth   ..........              (no amulet)
HPRegen 0.20/turn               (no ring)
MPRegen 0.11/turn               (no ring)

@: no status effects
A: permanent stasis, dig shafts and tunnels, antennae 3, inability to use
devices, four strong arms
a: Dig, Shaft Self, Renounce Religion


You were on level 5 of the Dungeon.
You worshipped Ru.
Ru was pleased with you.
You visited 1 branch of the dungeon, and saw 5 of its levels.

You collected 102 gold pieces.

Inventory:

Hand Weapons
 a - a +0 war axe (weapon)
 f - the +8 short sword of a sewer {antimagic, Int+4 Dex+4}
   (You found it on level 3 of the Dungeon)

   It reduces the magical energy of the wielder, and disrupts the spells and
   magical abilities of those it strikes.
   Natural abilities and divine invocations are not affected.
   Int:       It affects your intelligence (+4).
   Dex:       It affects your dexterity (+4).
Armour
 b - a +0 scale mail (worn)
 c - a +0 buckler (worn)
Scrolls
 i - 2 scrolls of enchant armour
 l - a scroll of magic mapping
 m - 2 scrolls of amnesia
Potions
 d - a potion of lignification {unknown}
 e - a potion of ambrosia
 h - a potion of curing
 j - a potion of invisibility {unknown}
 k - 2 potions of flight {unknown}
 n - 2 potions of degeneration {unknown}
 o - a potion of heal wounds


   Skills:
 + Level 4.6 Fighting
 - Level 0.6 Short Blades
 + Level 5.8 Axes
 * Level 6.5 Armour
 * Level 3.1 Dodging
 - Level 3.6 Shields


You had 7 spell levels left.
You didn't know any spells.
Your spell library contained the following spells:

 Spells                   Type           Power      Damage    Failure   Level
 Apportation              Tloc           0%         N/A       71%         1
 Dazzling Flash           Conj/Hex       0%         N/A       97%         3
 Inner Flame              Hex/Fire       0%         N/A       97%         3
 Ozocubu's Armour         Ice            0%         N/A       97%         3
 Stone Arrow              Conj/Erth      0%         3d7       97%         3
 Animate Armour           Summ/Erth      0%         N/A       100%        4
 Cause Fear               Hex            0%         N/A       100%        4
 Iskenderun's Mystic Bla  Conj/Tloc      0%         2d3       100%        4
 Alistair's Intoxication  Tmut/Pois      0%         N/A       100%        5
 Metabolic Englaciation   Hex/Ice        0%         N/A       100%        5
 Simulacrum               Ice/Necr       0%         N/A       100%        6
 Starburst                Conj/Fire      0%         6d3       100%        6
 Discord                  Hex            0%         N/A       100%        8
 Lehudib's Crystal Spear  Conj/Erth      0%         10d2      100%        8


Dungeon Overview and Level Annotations

Branches:
Dungeon (5/15)
 Temple: D:4-7

Altars:
Ru


Innate Abilities, Weirdness & Mutations

You cannot be hasted, slowed, berserked, paralysed or teleported.
You can dig through walls and to a lower floor.
You have a pair of large antennae on your head. (SInv)
You cannot study or use magical devices.
Your four strong arms can wield two-handed weapons with a shield.


Message History

You barely miss the iguana. The iguana barely misses you.
You slash the iguana!
The iguana is heavily wounded.
You block the iguana's attack.
You hit the iguana but do no damage.
The iguana is heavily wounded.
The iguana barely misses you. x2
You barely miss the iguana.
The iguana is moderately wounded.
You block the iguana's attack.
You slash the iguana!
The iguana is almost dead.
You block the iguana's attack.
You hit the iguana but do no damage.
The iguana is almost dead.
The iguana misses you.
You hit the iguana.
The iguana is almost dead.
The iguana bites you but does no damage.
You closely miss the iguana.
The iguana is almost dead.
The iguana bites you. The iguana bites you!
* * * LOW HITPOINT WARNING * * *
You hit the iguana but do no damage.
The iguana is almost dead.
A hound comes into view.
The iguana hisses menacingly.
You block the iguana's attack.
The hound moves out of view.
You slash the iguana!
You kill the iguana!
You barely miss the iguana. The iguana bites you.
* * * LOW HITPOINT WARNING * * *
You focus your inner power and illuminate the iguana in retribution!
You hit the iguana.
The iguana is lightly wounded.
You block the iguana's attack.
You hit the iguana.
The iguana is moderately wounded.
The iguana bites you!
You die...

#.# #.. #.##
#..#########
#..........##
#.########..#
.#######.#
##.##
#........#
#..#
##.###@##
##.# #l# #.##
#o# #..# #.#
##.# ... #.##
... #..# ...
##.# #.♣..
#.## #..#


You could see an iguana (corona) and an orc.

Vanquished Creatures
  Sigmund (D:3)
  Menkaure (D:5)
  A water moccasin skeleton (D:4)
  A bullfrog zombie (D:5)
  A jelly (D:4)
  2 orc priests
  2 hounds (D:4)
  Jessica (D:2)
  2 iguanas
  Ijyb (D:3)
  Natasha (thrice) (D:2)
  2 orc wizards (D:5)
  A howler monkey skeleton (D:4)
  6 adders
  5 gnolls (D:2)
  An adder skeleton (D:4)
  2 worms
  2 dart slugs
  9 orcs
  6 endoplasms
  7 giant cockroaches
  11 goblins
  3 hobgoblins
  4 jackals
  A quokka (D:1)
  7 ball pythons
  4 bats
  7 frilled lizards
  10 kobolds
  10 rats
114 creatures vanquished.

Notes
Turn   | Place    | Note
-------+----------+-------------------------------------------
     0 | D:1      | ytrimaz the Formicid Fighter began the quest for the Orb.
     0 | D:1      | Reached XP level 1. HP: 18/18 MP: 1/1
   202 | D:1      | Reached XP level 2. HP: 21/24 MP: 2/2
   473 | D:1      | Reached XP level 3. HP: 19/29 MP: 3/3
  1187 | D:2      | Reached XP level 4. HP: 35/35 MP: 4/4
  1249 | D:2      | Reached skill level 4 in Armour
  1249 | D:2      | Reached skill level 1 in Dodging
  1453 | D:2      | Found a sacrificial altar of Ru.
  1477 | D:2      | Found a faded altar of an unknown god.
  1496 | D:2      | Became a worshipper of Ru the Awakened
  1506 | D:2      | Noticed Natasha
  1515 | D:2      | Killed Natasha
  1647 | D:2      | Noticed Jessica
  1656 | D:2      | Killed Jessica
  1657 | D:2      | Reached XP level 5. HP: 34/42 MP: 5/5
  2149 | D:2      | Noticed Natasha
  2162 | D:2      | HP: 1/42 [Natasha (3)]
  2167 | D:2      | Killed Natasha
  2290 | D:2      | Noticed Natasha
  2312 | D:2      | Killed Natasha
  2313 | D:2      | Reached skill level 5 in Armour
  2313 | D:2      | Reached XP level 6. HP: 7/48 MP: 6/6
  2954 | D:3      | Noticed Sigmund
  3024 | D:3      | Identified the +8 short sword of a sewer {antimagic, Int+4
                  | Dex+4}
  3071 | D:3      | Noticed Ijyb
  3091 | D:3      | Killed Ijyb
  3174 | D:3      | Killed Sigmund
  3175 | D:3      | Reached XP level 7. HP: 28/54 MP: 2/7
  3506 | D:3      | Gained mutation: You cannot study or use magical devices.
                  | [Ru sacrifice]
  3506 | D:3      | Reached * piety under Ru
  3506 | D:3      | Reached ** piety under Ru
  3920 | D:4      | Identified the +1 plate armour "Cehavu" {-Cast Fly rF-
                  | rCorr}
  4252 | D:4      | Reached skill level 6 in Armour
  4435 | D:4      | Reached skill level 5 in Axes
  4514 | D:5      | Entered Level 5 of the Dungeon
  4605 | D:5      | Reached XP level 8. HP: 48/61 MP: 8/8
  4676 | D:5      | Noticed Menkaure
  4682 | D:5      | Killed Menkaure
  4972 | D:5      | Slain by an iguana

Illustrated notes

Levels and vault maps discovered:
D:1:      dpeg_arrival_pits, layout_loops_ring, minmay_tall_x
D:2:      layout_basic, nicolae_ecumenical_oubliette, basic_altar,
          cheibrodos_gnoll_hut, uniq_jessica, uniq_natasha
D:3:      layout_rooms, uniq_ijyb, uniq_sigmund
D:4:      layout_basic, hangedman_decor_lopped
D:5:      layout_basic, nicolae_yredelemnul_corpse_copse,
          nicolae_overflow_squiral, serial_shops, shop, grunt_ministairs_15,
          kennysheep_cross_bottleneck, amcnicky_mini_pool_medium, uniq_menkaure,
          uniq_blork_the_orc, uniq_prince_ribbit1

Skill      XL: |  1  2  3  4  5  6  7  8 |
---------------+-------------------------+-----
Armour         | 4 5 6 |  6.5
Dodging        | 1 2 3 |  3.1
Axes           | 3 4 5 |  5.8
Fighting       | 4 |  4.6
Short Blades   | |  0.6
Shields        | |  3.6

Action                   |  1- 3 |  4- 6 |  7- 9 || total
-------------------------+-------+-------+-------++-------
Melee: War axe           |    81 |    97 |   136 ||   314
       Short sword       |       |    27 |       ||    27
Invok: Sacrifice Artific |       |       |     1 ||     1
 Abil: Dig               |     3 |       |       ||     3
  Use: Scroll            |     4 |     2 |     4 ||    10
       Potion            |       |     2 |       ||     2
Armor: Scale mail        |    45 |    57 |    52 ||   154
Dodge: Dodged            |    45 |   104 |    76 ||   225
Block: Buckler           |    17 |    39 |    27 ||    83

Table legend: (Time is in decaauts)
 A = Elapsed time spent in this place.
 B = Non-inter-level travel time spent in this place.
 C = Inter-level travel time spent in this place.
 D = Time resting spent in this place.
 E = Time spent auto-exploring this place.
 F = Levels seen in this place.
 G = Mean time per level.
                   A        B        C        D        E       F      G
               +--------+--------+--------+--------+--------+-----+--------+
         Total |   5074 |   4897 |    177 |    931 |   2975 |   5 | 1014.8 |
       Dungeon |   5074 |   4897 |    177 |    931 |   2975 |   5 | 1014.8 |
               +--------+--------+--------+--------+--------+-----+--------+

Top non-repeatable levels by time:
     D:2: 1964 daAuts
     D:1: 1077 daAuts
     D:4: 912 daAuts
     D:3: 703 daAuts
     D:5: 416 daAuts
